[ AOE2 MATCH · #474308564 ]
1v1 RMChinese vs Bulgarians
Player's team · LOSS
[ REPLAY ANALYSIS · EXTRACTED FROM THE RECORDED GAME ]
Feudal
9:38
Castle
28:21
Imperial
39:59
| APM avg | 27.2 |
| APM peak | 61 |
| eAPM avg | 12.8 |
| Villagers / military | 87 / 112 |
Focus
⚔️ 35.7% · 🌾 64.3%
Spearman ×35 · Militia ×33 · Archer ×26 · Monk ×11 · Battering Ram ×4 · Skirmisher ×3
Feudal
10:35
Castle
25:41
Imperial
—
| APM avg | 20.3 |
| APM peak | 59 |
| eAPM avg | 11.3 |
| Villagers / military | 80 / 206 |
Focus
⚔️ 41.1% · 🌾 58.9%
Konnik ×166 · Militia ×20 · Skirmisher ×8 · Battering Ram ×6 · Mangonel ×3 · Scorpion ×3
Match map
Initial resources + every placement click. Lines = walls · curves = elevation contours. ◆ gold · ⬟ stone · ● berries · ✦ relic · ◌ wall gap
Your base· ✓ Closed at 28:21 · 38t walls · no gate
jmagudelo88's base· Open — opponent sealed themselves in
Smoothed initial terrain · ◌ = detected wall gap · hover for details
Inputs per minute
— isakyıl - - jmagudelo88
Build order — isakyıl
First 150 of 306 actions detected
| 0:03 | Research | Loom |
| 0:46 | Create | Villager (Male) |
| 1:26 | Create | Villager (Male) |
| 1:27 | Create | Villager (Male) |
| 1:27 | Create | Villager (Male) |
| 1:57 | Create | Villager (Male) |
| 1:57 | Create | Villager (Male) |
| 2:11 | Build | Lumber Camp |
| 2:20 | Create | Villager (Male) |
| 2:20 | Create | Villager (Male) |
| 2:49 | Create | Villager (Male) |
| 2:49 | Create | Villager (Male) |
| 3:15 | Create | Villager (Male) |
| 3:15 | Create | Villager (Male) |
| 3:16 | Create | Villager (Male) |
| 3:16 | Create | Villager (Male) |
| 3:43 | Build | House |
| 4:03 | Create | Villager (Male) |
| 4:03 | Create | Villager (Male) |
| 4:52 | Create | Villager (Male) |
| 5:24 | Create | Villager (Male) |
| 5:25 | Create | Villager (Male) |
| 6:05 | Create | Villager (Male) |
| 6:08 | Create | Villager (Male) |
| 6:13 | Build | Mill |
| 6:31 | Build | House |
| 6:40 | Build | Barracks |
| 6:54 | Create | Villager (Male) |
| 7:28 | Research | Feudal Age |
| 7:29 | Research | Feudal Age |
| 7:44 | Build | House |
| 8:06 | Create | Militia |
| 8:06 | Create | Militia |
| 8:06 | Create | Militia |
| 8:27 | Build | Mining Camp |
| 9:21 | Create | Villager (Male) |
| 9:38 | Age | Feudal Age |
| 9:43 | Create | Militia |
| 9:48 | Research | Double-Bit Axe |
| 9:50 | Research | Horse Collar |
| 10:06 | Create | Militia |
| 10:28 | Create | Villager (Male) |
| 10:28 | Create | Villager (Male) |
| 10:44 | Research | Man-at-Arms (upgrade) |
| 10:44 | Research | Man-at-Arms (upgrade) |
| 10:56 | Build | Farm |
| 10:56 | Build | Farm |
| 10:56 | Build | Farm |
| 10:56 | Build | Farm |
| 10:58 | Build | Farm |
| 10:58 | Build | Farm |
| 10:58 | Build | Farm |
| 10:58 | Build | Farm |
| 11:00 | Create | Villager (Male) |
| 11:00 | Create | Villager (Male) |
| 11:00 | Create | Villager (Male) |
| 11:13 | Build | Farm |
| 11:30 | Build | House |
| 11:44 | Create | Villager (Male) |
| 11:52 | Build | Palisade Wall |
| 11:57 | Build | House |
| 11:59 | Create | Villager (Male) |
| 12:12 | Build | Farm |
| 12:13 | Build | Farm |
| 12:22 | Create | Villager (Male) |
| 12:33 | Build | Farm |
| 12:56 | Create | Villager (Male) |
| 13:02 | Build | Palisade Wall |
| 13:02 | Build | Palisade Wall |
| 13:04 | Build | Palisade Wall |
| 13:06 | Build | Palisade Wall |
| 13:11 | Create | Villager (Male) |
| 13:15 | Build | Farm |
| 13:17 | Build | Farm |
| 13:19 | Build | Farm |
| 13:23 | Build | Farm |
| 14:04 | Create | Villager (Male) |
| 14:13 | Build | Blacksmith |
| 14:16 | Create | Militia |
| 14:16 | Create | Militia |
| 14:49 | Create | Militia |
| 14:51 | Create | Villager (Male) |
| 14:58 | Build | Archery Range |
| 15:08 | Build | Farm |
| 15:09 | Build | Farm |
| 15:12 | Build | Farm |
| 15:14 | Create | Militia |
| 15:17 | Research | Scale Mail Armor |
| 15:31 | Create | Villager (Male) |
| 15:38 | Build | House |
| 15:46 | Build | Palisade Wall |
| 15:51 | Build | Palisade Gate |
| 16:01 | Create | Villager (Male) |
| 16:03 | Create | Villager (Male) |
| 16:13 | Create | Militia |
| 16:14 | Create | Militia |
| 16:21 | Build | Farm |
| 16:32 | Research | Forging |
| 16:36 | Create | Villager (Male) |
| 16:40 | Build | Farm |
| 16:45 | Create | Skirmisher |
| 16:46 | Create | Skirmisher |
| 16:52 | Create | Villager (Male) |
| 17:01 | Build | House |
| 17:07 | Build | House |
| 17:15 | Create | Militia |
| 17:15 | Create | Militia |
| 17:21 | Create | Skirmisher |
| 17:38 | Build | Farm |
| 18:10 | Create | Villager (Male) |
| 18:11 | Create | Villager (Male) |
| 18:14 | Create | Militia |
| 18:14 | Create | Militia |
| 18:26 | Build | Barracks |
| 18:34 | Create | Militia |
| 18:38 | Build | Farm |
| 18:45 | Create | Militia |
| 19:03 | Create | Militia |
| 19:03 | Create | Militia |
| 19:04 | Create | Militia |
| 19:10 | Build | House |
| 19:14 | Build | House |
| 19:17 | Build | House |
| 19:47 | Create | Militia |
| 19:49 | Create | Villager (Male) |
| 19:49 | Create | Villager (Male) |
| 19:54 | Build | House |
| 20:05 | Build | Farm |
| 20:07 | Build | Farm |
| 20:20 | Create | Militia |
| 20:20 | Create | Militia |
| 20:31 | Build | Farm |
| 20:42 | Create | Militia |
| 20:42 | Create | Militia |
| 20:59 | Build | Lumber Camp |
| 21:02 | Create | Villager (Male) |
| 21:03 | Create | Villager (Male) |
| 21:09 | Create | Militia |
| 21:10 | Create | Militia |
| 21:18 | Create | Villager (Male) |
| 21:18 | Create | Villager (Male) |
| 21:49 | Build | Palisade Wall |
| 21:53 | Create | Villager (Male) |
| 21:53 | Create | Villager (Male) |
| 21:59 | Build | House |
| 22:05 | Build | House |
| 22:18 | Create | Militia |
| 22:18 | Create | Militia |
| 22:19 | Create | Militia |
| 22:29 | Build | House |
Build order — jmagudelo88
First 150 of 253 actions detected
| 0:01 | Create | Villager (Male) ×4 |
| 0:04 | Build | House |
| 0:06 | Build | House |
| 1:31 | Create | Villager (Male) |
| 1:31 | Create | Villager (Male) |
| 2:04 | Create | Villager (Male) |
| 2:04 | Create | Villager (Male) |
| 2:13 | Build | Lumber Camp |
| 2:29 | Create | Villager (Male) |
| 2:29 | Create | Villager (Male) |
| 2:30 | Create | Villager (Male) |
| 3:00 | Create | Villager (Male) |
| 3:00 | Create | Villager (Male) |
| 3:07 | Create | Villager (Male) |
| 3:07 | Create | Villager (Male) |
| 3:07 | Create | Villager (Male) |
| 3:29 | Build | House |
| 3:31 | Build | House |
| 3:42 | Create | Villager (Male) |
| 3:43 | Create | Villager (Male) |
| 3:43 | Create | Villager (Male) |
| 4:29 | Create | Villager (Male) |
| 4:29 | Create | Villager (Male) |
| 4:29 | Create | Villager (Male) |
| 4:52 | Build | Mill |
| 5:27 | Create | Villager (Male) |
| 5:27 | Create | Villager (Male) |
| 5:27 | Create | Villager (Male) |
| 5:28 | Create | Villager (Male) |
| 5:28 | Create | Villager (Male) |
| 6:05 | Create | Villager (Male) |
| 6:05 | Create | Villager (Male) |
| 6:08 | Create | Villager (Male) |
| 6:08 | Create | Villager (Male) |
| 7:14 | Create | Villager (Male) |
| 7:45 | Build | Mining Camp |
| 7:52 | Research | Loom |
| 8:25 | Research | Feudal Age |
| 8:45 | Build | Lumber Camp |
| 9:11 | Build | Barracks |
| 9:19 | Build | House |
| 10:12 | Create | Militia |
| 10:12 | Create | Militia |
| 10:12 | Create | Militia |
| 10:20 | Create | Militia |
| 10:21 | Create | Militia |
| 10:23 | Create | Militia |
| 10:26 | Create | Villager (Male) |
| 10:35 | Age | Feudal Age |
| 10:38 | Build | Archery Range |
| 10:42 | Research | Double-Bit Axe |
| 10:46 | Research | Horse Collar |
| 11:00 | Create | Villager (Male) |
| 11:00 | Create | Villager (Male) |
| 11:08 | Build | Farm |
| 11:18 | Build | Blacksmith |
| 11:23 | Create | Villager (Male) |
| 11:34 | Create | Militia |
| 11:34 | Create | Militia |
| 11:34 | Create | Militia |
| 11:45 | Build | House |
| 12:01 | Create | Skirmisher |
| 12:01 | Create | Skirmisher |
| 12:07 | Build | House |
| 12:31 | Build | House |
| 12:47 | Build | Farm |
| 12:50 | Build | Farm |
| 12:52 | Create | Villager (Male) |
| 12:53 | Create | Villager (Male) |
| 12:53 | Create | Villager (Male) |
| 12:59 | Build | Farm |
| 13:02 | Build | Farm |
| 13:06 | Build | Farm |
| 13:12 | Build | Farm |
| 13:19 | Build | Farm |
| 13:30 | Build | Farm |
| 13:53 | Create | Militia |
| 13:54 | Create | Militia |
| 13:54 | Create | Militia |
| 13:57 | Create | Skirmisher |
| 13:57 | Create | Skirmisher |
| 13:57 | Create | Skirmisher |
| 14:18 | Research | Scale Mail Armor |
| 14:20 | Research | Fletching |
| 14:38 | Create | Villager (Male) |
| 14:55 | Build | Farm |
| 14:56 | Build | Farm |
| 14:57 | Build | Farm |
| 14:59 | Build | Farm |
| 15:06 | Create | Militia |
| 15:07 | Create | Militia |
| 15:24 | Build | Farm |
| 15:26 | Build | Farm |
| 15:30 | Create | Villager (Male) |
| 15:34 | Create | Militia |
| 15:54 | Create | Villager (Male) |
| 15:55 | Create | Villager (Male) |
| 15:55 | Create | Villager (Male) |
| 16:07 | Create | Militia |
| 16:27 | Build | House |
| 16:28 | Build | House |
| 16:36 | Create | Skirmisher |
| 16:36 | Create | Skirmisher |
| 16:37 | Create | Skirmisher |
| 18:22 | Create | Villager (Male) |
| 18:23 | Create | Villager (Male) |
| 18:26 | Create | Villager (Male) |
| 18:31 | Create | Militia |
| 18:31 | Create | Militia |
| 18:31 | Create | Militia |
| 18:35 | Research | Forging |
| 18:37 | Research | Padded Archer Armor |
| 18:40 | Create | Militia |
| 19:10 | Create | Villager (Male) |
| 19:49 | Research | Wheelbarrow |
| 19:58 | Build | Farm |
| 19:59 | Build | Farm |
| 20:01 | Build | Farm |
| 20:03 | Build | Farm |
| 20:52 | Create | Villager (Male) |
| 20:52 | Create | Villager (Male) |
| 20:52 | Create | Villager (Male) |
| 20:52 | Create | Villager (Male) |
| 20:58 | Research | Gold Mining |
| 20:59 | Research | Stone Mining |
| 23:01 | Research | Castle Age |
| 23:05 | Build | Mining Camp |
| 24:10 | Build | House |
| 24:16 | Build | House |
| 24:23 | Build | Stable |
| 24:26 | Build | House |
| 24:30 | Build | House |
| 24:32 | Build | House |
| 24:33 | Build | House |
| 24:35 | Build | House |
| 24:37 | Build | House |
| 24:53 | Build | Palisade Wall |
| 25:04 | Build | House |
| 25:08 | Build | Market |
| 25:11 | Build | House |
| 25:41 | Age | Castle Age |
| 26:02 | Build | Krepost |
| 26:21 | Create | Villager (Male) ×5 |
| 26:26 | Research | Scale Barding Armor |
| 26:26 | Research | Chain Mail Armor |
| 26:27 | Research | Iron Casting |
| 26:32 | Research | Bloodlines |
| 26:32 | Research | Husbandry |
| 26:42 | Research | Gold Shaft Mining |
| 26:49 | Research | Heavy Plow |
Match timeline
| 6:40 | isakyıl · first_building Barracks |
| 9:11 | jmagudelo88 · first_building Barracks |
| 9:38 | isakyıl · age_up feudal |
| 10:35 | jmagudelo88 · age_up feudal |
| 10:38 | jmagudelo88 · first_building Archery Range |
| 11:52 | isakyıl · wall_segment Palisade Wall x1 |
| 13:02 | isakyıl · wall_segment Palisade Wall x1 |
| 13:02 | isakyıl · wall_segment Palisade Wall x1 |
| 13:04 | isakyıl · wall_segment Palisade Wall x1 |
| 13:06 | isakyıl · wall_segment Palisade Wall x5 |
| 14:58 | isakyıl · first_building Archery Range |
| 15:46 | isakyıl · wall_segment Palisade Wall x21 |
| 21:49 | isakyıl · wall_segment Palisade Wall x9 |
| 24:23 | jmagudelo88 · first_building Stable |
| 24:53 | jmagudelo88 · wall_segment Palisade Wall x1 |
| 25:40 | isakyıl · first_market_sell 100 wood |
| 25:41 | jmagudelo88 · age_up castle |
| 26:02 | jmagudelo88 · first_building Krepost |
| 27:48 | jmagudelo88 · wall_segment Palisade Wall x1 |
| 28:21 | isakyıl · age_up castle |
| 29:13 | isakyıl · first_building Monastery |
| 31:06 | jmagudelo88 · first_building Castle |
| 34:40 | jmagudelo88 · first_building Siege Workshop |
| 38:07 | isakyıl · first_building Siege Workshop |
| 39:59 | isakyıl · age_up imperial |
| 42:57 | isakyıl · resign |
[ AI ANALYSIS · 1 CREDIT ]
What really happened in this match?
Wolo.gg analyzes every decision: build order, eco, micro, common mistakes by bracket. Personalized analysis on WhatsApp or Discord in 30 seconds.
Civ guide
Chinese
Map guide
Arabia
Perfil
isakyıl